 Dungeon Crawl Stone Soup version 0.19.1 (console) character file.

40 Jesseh the Ruffian (level 3, -2/28 HPs)
             Began as a Draconian Transmuter on Nov 29, 2016.
             Slain by a gnoll
             ... wielding a cursed +0 halberd
              (8 damage)
             ... on level 2 of the Dungeon.
             The game lasted 00:04:26 (1026 turns).

Jesseh the Ruffian (Draconian Transmuter)           Turns: 1026, Time: 00:04:27

Health: -2/28      AC:  5    Str: 13    XL:     3   Next: 30%
Magic:  5/6        EV: 12    Int: 13    God:
Gold:   25         SH:  0    Dex: 11    Spells: 1 memorised, 5 levels left

rFire  . . .     SeeInvis .       - Unarmed
rCold  . . .     Gourm    .     (armour unavailable)
rNeg   . . .     Faith    .     (no shield)
rPois  .         Spirit   .     (helmet restricted)
rElec  .         Reflect  .     (no cloak)
rCorr  .         Harm     .     (no gloves)
MR     .....                    (no boots)
Stlth  +.........               (no amulet)
                                (no ring)
                                (no ring)

@: appendage
A: unfitting armour, horns 2, cold-blooded, AC +5
a: End Transformation


You were on level 2 of the Dungeon.
You were not hungry.
You had grown temporary horns.
You visited 1 branch of the dungeon, and saw 2 of its levels.

You collected 25 gold pieces.

Inventory:

Hand Weapons
 l - a +0 hand axe of freezing
   (You found it on level 1 of the Dungeon)
Missiles
 a - 12 arrows
Scrolls
 i - 3 scrolls of amnesia {unknown}
 j - a scroll of noise {unknown}
 k - a scroll of magic mapping {unknown}
 o - a scroll of blinking {unknown}
Potions
 e - a potion of invisibility {unknown}
 g - a potion of haste {unknown}
 h - a potion of mutation {unknown}
 m - a potion of might {unknown}
Books
 b - a book of Changes
Comestibles
 c - 2 bread rations
 f - 2 meat rations
 n - a beef jerky


   Skills:
 - Level 1.1 Fighting
 - Level 1.7 Dodging
 * Level 4.3 Unarmed Combat
 - Level 2.0 Spellcasting
 + Level 2.1 Transmutations


You had 5 spell levels left.
You knew the following spells:

 Your Spells              Type           Power        Failure   Level  Hunger
a - Beastly Appendage     Tmut           #.....       12%         1    ##.....


Dungeon Overview and Level Annotations

Branches:
Dungeon (2/15)

Altars:


Innate Abilities, Weirdness & Mutations

Your plain brown scales are hard. (AC +5)
You cannot fit into any form of body armour.
You are cold-blooded and may be slowed by cold attacks.
You have a pair of horns on your head.


Message History

You hit the kobold.
You kill the kobold!
No target in view!
Some of the chunks of flesh in your inventory have rotted away.
A goblin comes into view.
Found a scroll labeled CYS NUOSHREO.
Found a stone staircase leading down.
The goblin shouts!
You closely miss the goblin.
Your tail-slap misses the goblin.
The goblin closely misses you.
You completely miss the goblin.
Your tail-slap misses the goblin.
The goblin hits you.
You hit the goblin. The goblin hits you.
You hit the goblin.
You kill the goblin!
You have reached level 3!
Your experience leads to an increase in your attributes!
Increase (S)trength, (I)ntelligence, or (D)exterity?
You feel stronger.
Your scales feel tougher.
You see here a goblin corpse.
You butcher the goblin corpse.
d - 6 chunks of flesh (gained 3)
You see here a goblin skeleton.
o - a scroll labeled CYS NUOSHREO A rat comes into view.
You hit the rat.
You kill the rat!
No target in view!
No target in view!
You see here a rat corpse.
You butcher the rat corpse.
d - 7 chunks of flesh (gained 1)
You found a teleport trap!
Done exploring.
There is an escape hatch in the floor here.
You slide downwards.
The hatch slams shut behind you.
A frilled lizard, a ball python and a gnoll come into view.
The gnoll shouts!
A gnoll comes into view. It is wielding a whip.
The gnoll shouts!
The ball python bites you but does no damage.
The ball python barely misses you.
You punch the ball python!
You kill the ball python!
The gnoll hits you from afar with a halberd.
A gnoll comes into view. It is wielding a spear.
The gnoll hits you with a halberd!
* * * LOW HITPOINT WARNING * * *
A gnoll comes into view. It is wielding a whip.
You are too injured to fight recklessly!
You are too injured to fight recklessly!
You are too injured to fight recklessly!
You are too injured to fight recklessly!
The gnoll shouts! x2
Found a stone staircase leading up.
The frilled lizard barely misses you. The frilled lizard misses you.
The frilled lizard bites you.
* * * LOW HITPOINT WARNING * * *
The frilled lizard bites you but does no damage.
The gnoll completely misses you. The gnoll misses you.
There is a stone staircase leading up here.
You can't go down here!
The gnoll closely misses you.
The gnoll hits you from afar with a halberd.
* * * LOW HITPOINT WARNING * * *
The frilled lizard bites you but does no damage.
You climb upwards.
There is a stone staircase leading down here.
You grow a pair of large bovine horns.
The gnoll hits you with a whip.
* * * LOW HITPOINT WARNING * * *
The frilled lizard closely misses you.
You hit the gnoll but do no damage. You headbutt the gnoll!
The gnoll misses you.
You hit the gnoll.
You kill the gnoll!
The frilled lizard closely misses you.
You hit the frilled lizard.
You kill the frilled lizard!
You see here a frilled lizard corpse.
You butcher the frilled lizard corpse.
d - 8 chunks of flesh (gained 1)
You see here a frilled lizard skeleton.
Your transformation is almost over.
You start resting.
Your horns disappear.
You start resting.
Some of the chunks of flesh in your inventory have rotted away. x4
All of the chunks of flesh in your inventory have rotted away.
There is a stone staircase leading down here.
You climb downwards.
The gnoll hits you but does no damage. The gnoll barely misses you.
The gnoll hits you from afar with a spear!
There is a stone staircase leading up here.
You hit the gnoll.
Your tail-slap misses the gnoll.
The gnoll misses you.
The gnoll hits you from afar with a spear.
You grow a pair of large bovine horns.
The gnoll closely misses you.
The gnoll hits you from afar with a spear!
* * * LOW HITPOINT WARNING * * *
You barely miss the gnoll. The gnoll hits you with a halberd!
You die...

...............
..g.g.g....▒
▒..(..▒.▒
▒.▒▒▒.▒.▒ ▒.g.▒
▒▒g.▒ ▒..▒
▒▒▒.g▒▒▒▒
▒....gd.▒
▒....g..▒
▒.......▒
▒..(....▒
▒▒▒▒▒▒▒▒▒


You could see 3 gnolls.

Vanquished Creatures
  2 gnolls (D:1)
  A leopard gecko (D:1)
  2 bats (D:1)
  3 goblins (D:1)
  2 hobgoblins (D:1)
  3 ball pythons
  2 frilled lizards (D:1)
  4 kobolds (D:1)
  5 rats (D:1)
24 creatures vanquished.

Notes
Turn   | Place    | Note
-------+----------+-------------------------------------------
     0 | D:1      | Jesseh the Draconian Transmuter began the quest for the Orb.
     0 | D:1      | Reached XP level 1. HP: 16/16 MP: 3/3
   299 | D:1      | Reached XP level 2. HP: 15/23 MP: 5/5
   600 | D:1      | Reached skill level 4 in Unarmed Combat
   688 | D:1      | Reached XP level 3. HP: 25/28 MP: 6/6
   745 | D:2      | HP: 7/28 [frilled lizard (3)]
   751 | D:1      | HP: 3/28 [gnoll/whip (2)]
  1025 | D:2      | HP: 6/28 [gnoll/spear (10)]
  1026 | D:2      | Slain by a gnoll

Skill      XL: |  1  2 |
---------------+-------+-----
Unarmed Combat | 4 |  4.3
Fighting       | |  1.1
Dodging        | |  1.7
Spellcasting   | |  2.0
Transmutations | |  2.1

Action                   || total
-------------------------++-------
Melee: Unarmed           ||    72
       Tailslap          ||     5
       Headbutt          ||     1
 Cast: Beastly Appendage ||     3
Armor: Skin              ||    29
Dodge: Dodged            ||    48

Vault maps used:
D:1:      ncdulo_smallfort, hangedman_decor_clover_reticule, minmay_tromino_v4_b
D:2:      lemuel_round_altar, minmay_misc_feat_diagonals, uniq_jessica

Table legend:
 A = Turns spent in this place as a percentage of turns spent in the entire game.
 B = Non-inter-level travel turns spent in this place as a percentage of non-inter-level travel turns spent in the entire game.
 C = Inter-level travel turns spent in this place as a percentage of turns spent in this place.
 D = Turns resting spent in this place as a percentage of non-inter-level travel turns spent in this place.
 E = Turns spent auto-exploring this place as a percentage of non-inter-level travel turns spent in this place.
 F = Non-inter-level travel turns spent in this place divided by the number of levels of this place that you've seen.
                   A       B       C       D       E      F
               +-------+-------+-------+-------+-------+----------------------
         Total | 100.0 | 100.0 |   0.4 |   3.8 |   8.8 | 120.0
       Dungeon | 100.0 | 100.0 |   0.4 |   3.8 |   8.8 | 120.0
               +-------+-------+-------+-------+-------+----------------------

Table legend:
 A = Kills in this place as a percentage of kills in entire the game.
 B = Kills by you in this place as a percentage of kills by you in the entire game.
 C = Kills by friends in this place as a percentage of kills by friends in the entire game.
 D = Other kills in this place as a percentage of other kills in the entire game.
 E = Experience gained in this place as a percentage of experience gained in the entire game.
 F = Experience gained in this place divided by the number of levels of this place that you have seen.
                   A       B       C       D       E      F
               +-------+-------+-------+-------+-------+----------------------
         Total | 100.0 | 100.0 |  -nan |  -nan | 100.0 |  29.0
       Dungeon | 100.0 | 100.0 |  -nan |  -nan | 100.0 |  29.0
               +-------+-------+-------+-------+-------+----------------------
